[ AOE2 MATCH · #478635992 ]
1v1 RMBerbers vs Mongols
Player's team · WIN
Rival team · LOSS
[ REPLAY ANALYSIS · EXTRACTED FROM THE RECORDED GAME ]
Feudal
10:31
Castle
18:41
Imperial
33:15
| APM avg | 11.8 |
| APM peak | 33 |
| eAPM avg | 8.7 |
| Villagers / military | 92 / 120 |
Focus
⚔️ 31.7% · 🌾 68.3%
Knight ×66 · Scorpion ×27 · Bombard Cannon ×10 · Trebuchet (Packed) ×9 · Monk ×3 · Battering Ram ×3
Feudal
12:33
Castle
22:16
Imperial
38:26
| APM avg | 13.1 |
| APM peak | 33 |
| eAPM avg | 11.3 |
| Villagers / military | 116 / 175 |
Focus
⚔️ 37.8% · 🌾 62.2%
Scout Cavalry ×57 · Spearman ×50 · Skirmisher ×29 · Mangonel ×12 · Militia ×12 · Knight ×8
Match map
Resources at game start + every placement click. Thick line = wall · dashed box = detected house wall. 🟡 gold · ⚪ stone · 🟢 berries · 🔶 boar · ⭕ relic
Inputs per minute
— Caronte - - Krusebel
Build order — Caronte
First 150 of 246 actions detected
| 0:08 | Create | Villager (Male) ×4 |
| 0:15 | Build | House |
| 0:16 | Build | House |
| 1:27 | Create | Villager (Male) |
| 2:08 | Build | Mill |
| 2:10 | Create | Villager (Male) |
| 3:13 | Create | Villager (Male) ×3 |
| 4:11 | Create | Villager (Male) ×3 |
| 4:32 | Build | House |
| 4:33 | Build | House |
| 5:26 | Create | Villager (Male) ×4 |
| 6:09 | Create | Villager (Male) ×3 |
| 7:34 | Build | Lumber Camp |
| 8:21 | Research | Feudal Age |
| 8:25 | Create | Villager (Male) |
| 8:25 | Create | Villager (Male) |
| 8:49 | Create | Villager (Male) |
| 9:57 | Build | Palisade Wall |
| 10:31 | Age | Feudal Age |
| 10:46 | Research | Double-Bit Axe |
| 10:49 | Research | Horse Collar |
| 10:52 | Research | Wheelbarrow |
| 10:57 | Build | House |
| 11:17 | Build | Stone Wall |
| 11:33 | Build | Farm |
| 11:34 | Build | Farm |
| 11:35 | Build | Farm |
| 11:36 | Build | Farm |
| 11:38 | Build | Farm |
| 12:02 | Build | Farm |
| 12:04 | Build | Farm |
| 12:52 | Build | Blacksmith |
| 12:58 | Create | Villager (Male) ×5 |
| 13:13 | Build | Farm |
| 13:13 | Build | Farm |
| 13:13 | Build | Farm |
| 13:35 | Build | Mining Camp |
| 14:04 | Build | Market |
| 14:53 | Build | Barracks |
| 14:59 | Build | Stone Wall |
| 16:01 | Research | Castle Age |
| 16:14 | Build | Mining Camp |
| 17:00 | Create | Spearman |
| 17:01 | Create | Spearman |
| 17:09 | Build | House |
| 17:58 | Build | Building 490 |
| 18:11 | Research | Stone Mining |
| 18:41 | Age | Castle Age |
| 18:45 | Create | Villager (Male) |
| 18:46 | Create | Villager (Male) |
| 19:03 | Build | Town Center |
| 19:20 | Build | Stone Wall |
| 19:31 | Build | Stone Wall |
| 19:33 | Build | House |
| 19:58 | Build | Farm |
| 19:58 | Build | Farm |
| 20:04 | Research | Gold Mining |
| 20:19 | Build | Farm |
| 20:26 | Create | Villager (Male) |
| 20:26 | Create | Villager (Male) |
| 20:38 | Build | Stable |
| 20:46 | Create | Villager (Male) |
| 20:47 | Create | Villager (Male) |
| 21:01 | Build | Farm |
| 21:02 | Build | Farm |
| 21:07 | Build | Farm |
| 21:08 | Build | Farm |
| 21:23 | Build | Siege Workshop |
| 21:30 | Create | Villager (Male) |
| 21:30 | Create | Villager (Male) |
| 21:39 | Research | Bow Saw |
| 21:50 | Build | House |
| 22:02 | Create | Villager (Male) |
| 22:03 | Create | Villager (Male) |
| 22:18 | Create | Knight |
| 22:33 | Build | House |
| 22:41 | Build | Stone Wall |
| 22:43 | Build | Stone Wall |
| 22:47 | Build | Building 490 |
| 22:54 | Build | Farm |
| 22:56 | Create | Villager (Male) |
| 22:57 | Create | Villager (Male) |
| 23:15 | Build | Town Center |
| 23:20 | Create | Villager (Male) |
| 23:20 | Create | Villager (Male) |
| 23:45 | Create | Villager (Male) |
| 23:45 | Create | Villager (Male) |
| 24:08 | Create | Villager (Male) |
| 24:08 | Create | Villager (Male) |
| 24:12 | Research | Hand Cart |
| 24:48 | Build | Monastery |
| 24:49 | Create | Villager (Male) |
| 24:50 | Create | Villager (Male) |
| 25:04 | Build | House |
| 25:06 | Build | House |
| 25:09 | Build | House |
| 25:11 | Build | House |
| 25:19 | Create | Villager (Male) |
| 25:19 | Create | Villager (Male) |
| 25:23 | Create | Villager (Male) ×5 |
| 25:38 | Build | Castle |
| 25:47 | Create | Monk |
| 25:55 | Research | Forging |
| 26:03 | Research | Bloodlines |
| 26:09 | Create | Villager (Male) |
| 26:13 | Build | Farm |
| 26:23 | Create | Villager (Male) ×4 |
| 26:27 | Build | Farm |
| 26:31 | Build | Farm |
| 26:32 | Build | Farm |
| 27:01 | Create | Villager (Male) |
| 27:02 | Create | Villager (Male) |
| 27:09 | Research | Heavy Plow |
| 28:01 | Create | Villager (Male) ×5 |
| 28:09 | Build | Stable |
| 28:10 | Build | Stable |
| 28:16 | Build | Siege Workshop |
| 28:20 | Build | University |
| 28:25 | Build | Mining Camp |
| 28:41 | Create | Villager (Male) |
| 28:41 | Create | Villager (Male) |
| 28:57 | Build | Farm |
| 28:57 | Build | Farm |
| 28:58 | Build | Farm |
| 29:03 | Build | Farm |
| 29:16 | Create | Villager (Male) |
| 29:16 | Create | Villager (Male) |
| 29:19 | Build | Farm |
| 29:31 | Build | Farm |
| 29:34 | Build | Farm |
| 29:35 | Build | Farm |
| 30:05 | Research | Imperial Age |
| 30:05 | Research | Imperial Age |
| 30:14 | Create | Scorpion |
| 30:14 | Create | Scorpion |
| 30:42 | Create | Knight ×5 |
| 30:43 | Research | Husbandry |
| 30:48 | Create | Knight ×2 |
| 30:58 | Create | Villager (Male) |
| 31:14 | Build | Siege Workshop |
| 31:18 | Build | Stable |
| 31:25 | Research | Scale Barding Armor |
| 31:26 | Research | Iron Casting |
| 31:31 | Research | Ballistics |
| 31:35 | Create | Scorpion |
| 31:35 | Create | Scorpion |
| 31:45 | Create | Knight ×2 |
| 31:56 | Build | House |
| 31:58 | Build | House |
| 31:58 | Build | House |
Build order — Krusebel
First 150 of 445 actions detected
| 0:01 | Create | Villager (Male) |
| 0:02 | Create | Villager (Male) |
| 0:02 | Create | Villager (Male) |
| 0:02 | Create | Villager (Male) |
| 0:02 | Create | Villager (Male) |
| 0:04 | Build | House |
| 0:07 | Build | House |
| 1:59 | Create | Villager (Male) |
| 2:00 | Create | Villager (Male) |
| 2:04 | Build | Lumber Camp |
| 2:24 | Create | Villager (Male) |
| 2:25 | Create | Villager (Male) |
| 2:25 | Create | Villager (Male) |
| 2:52 | Create | Villager (Male) |
| 2:53 | Create | Villager (Male) |
| 3:24 | Create | Villager (Male) |
| 3:25 | Create | Villager (Male) |
| 3:49 | Create | Villager (Male) |
| 3:50 | Create | Villager (Male) |
| 3:51 | Build | House |
| 4:10 | Create | Villager (Male) |
| 4:10 | Create | Villager (Male) |
| 4:17 | Build | Mill |
| 4:37 | Create | Villager (Male) |
| 4:37 | Create | Villager (Male) |
| 5:13 | Create | Villager (Male) |
| 5:14 | Create | Villager (Male) |
| 5:21 | Create | Villager (Male) |
| 5:25 | Build | Lumber Camp |
| 5:34 | Create | Villager (Male) |
| 5:34 | Create | Villager (Male) |
| 5:48 | Build | House |
| 5:58 | Create | Villager (Male) |
| 5:58 | Create | Villager (Male) |
| 6:15 | Create | Villager (Male) |
| 6:15 | Create | Villager (Male) |
| 6:46 | Create | Villager (Male) |
| 6:46 | Create | Villager (Male) |
| 6:46 | Create | Villager (Male) |
| 7:29 | Build | House |
| 7:34 | Build | Mining Camp |
| 7:43 | Create | Villager (Male) |
| 7:43 | Create | Villager (Male) |
| 8:19 | Create | Villager (Male) |
| 8:19 | Create | Villager (Male) |
| 8:20 | Create | Villager (Male) |
| 8:28 | Create | Villager (Male) |
| 9:01 | Build | Farm |
| 9:42 | Build | Farm |
| 9:49 | Build | Farm |
| 9:53 | Build | Farm |
| 10:23 | Research | Feudal Age |
| 10:28 | Build | Barracks |
| 10:47 | Build | Farm |
| 10:51 | Build | Farm |
| 10:53 | Build | Farm |
| 10:55 | Build | Farm |
| 10:56 | Build | Farm |
| 11:25 | Build | Palisade Wall |
| 11:39 | Build | House |
| 11:43 | Create | Villager (Male) |
| 11:43 | Create | Villager (Male) |
| 11:44 | Create | Villager (Male) |
| 12:33 | Age | Feudal Age |
| 12:37 | Research | Double-Bit Axe |
| 12:45 | Build | House |
| 13:02 | Build | Stone Wall |
| 13:11 | Build | Mining Camp |
| 13:13 | Create | Villager (Male) |
| 13:14 | Create | Villager (Male) |
| 13:14 | Create | Villager (Male) |
| 13:30 | Build | Stone Wall |
| 13:47 | Create | Villager (Male) |
| 13:47 | Create | Villager (Male) |
| 13:48 | Create | Villager (Male) |
| 14:42 | Build | Stone Wall |
| 15:12 | Build | Stone Wall |
| 15:24 | Build | Mining Camp |
| 15:38 | Research | Loom |
| 15:39 | Research | Wheelbarrow |
| 15:40 | Research | Town Watch |
| 15:42 | Create | Villager (Male) |
| 15:42 | Create | Villager (Male) |
| 15:55 | Build | Stone Wall |
| 16:04 | Create | Spearman |
| 16:26 | Build | Farm |
| 16:27 | Build | Farm |
| 16:27 | Build | Farm |
| 16:27 | Build | Farm |
| 16:44 | Build | Building 673 |
| 18:25 | Build | Market |
| 18:39 | Build | Archery Range |
| 19:36 | Research | Castle Age |
| 19:41 | Build | Farm |
| 19:45 | Build | Farm |
| 19:48 | Research | Horse Collar |
| 20:29 | Build | Stone Wall |
| 20:44 | Create | Skirmisher |
| 20:44 | Create | Skirmisher |
| 20:45 | Create | Archer |
| 20:45 | Create | Archer |
| 20:57 | Create | Villager (Male) |
| 20:57 | Create | Villager (Male) |
| 20:58 | Create | Villager (Male) |
| 21:44 | Build | House |
| 22:16 | Age | Castle Age |
| 22:22 | Build | Castle |
| 22:44 | Build | Town Center |
| 23:01 | Build | Town Center |
| 23:10 | Research | Town Patrol |
| 23:11 | Research | Hand Cart |
| 23:12 | Create | Villager (Male) |
| 23:12 | Create | Villager (Male) |
| 23:19 | Research | Bow Saw |
| 23:24 | Research | Heavy Plow |
| 24:16 | Research | Gold Mining |
| 24:21 | Research | Stone Mining |
| 24:24 | Create | Villager (Male) |
| 24:25 | Create | Villager (Male) |
| 24:25 | Create | Villager (Male) |
| 24:25 | Create | Villager (Male) |
| 24:26 | Create | Villager (Male) |
| 24:29 | Create | Villager (Male) |
| 24:30 | Create | Villager (Male) |
| 24:30 | Create | Villager (Male) |
| 24:30 | Create | Villager (Male) |
| 25:01 | Create | Villager (Male) |
| 25:22 | Build | University |
| 25:32 | Build | Blacksmith |
| 26:02 | Build | Monastery |
| 26:15 | Build | Building 487 |
| 26:24 | Create | Villager (Male) |
| 26:24 | Create | Villager (Male) |
| 26:25 | Create | Villager (Male) |
| 26:26 | Create | Villager (Male) |
| 26:26 | Create | Villager (Male) |
| 26:27 | Create | Villager (Male) |
| 26:27 | Create | Villager (Male) |
| 26:39 | Build | Farm |
| 26:39 | Build | Farm |
| 26:48 | Build | Farm |
| 26:54 | Build | Farm |
| 26:59 | Create | Monk |
| 27:16 | Create | Villager (Male) |
| 27:16 | Create | Villager (Male) |
| 27:19 | Create | Villager (Male) |
| 27:19 | Create | Villager (Male) |
| 27:20 | Create | Villager (Male) |
| 27:24 | Create | Villager (Male) |
| 27:25 | Create | Villager (Male) |
Match timeline
| 9:57 | Caronte · wall_segment Palisade Wall x7 |
| 10:28 | Krusebel · first_building Barracks |
| 10:31 | Caronte · age_up feudal |
| 11:17 | Caronte · wall_segment Stone Wall x7 |
| 11:25 | Krusebel · wall_segment Palisade Wall x21 |
| 12:33 | Krusebel · age_up feudal |
| 13:02 | Krusebel · wall_segment Stone Wall x15 |
| 13:30 | Krusebel · wall_segment Stone Wall x13 |
| 14:42 | Krusebel · wall_segment Stone Wall x16 |
| 14:53 | Caronte · first_building Barracks |
| 14:59 | Caronte · wall_segment Stone Wall x8 |
| 15:12 | Krusebel · wall_segment Stone Wall x20 |
| 15:55 | Krusebel · wall_segment Stone Wall x11 |
| 18:39 | Krusebel · first_building Archery Range |
| 18:41 | Caronte · age_up castle |
| 19:20 | Caronte · wall_segment Stone Wall x3 |
| 19:31 | Caronte · wall_segment Stone Wall x6 |
| 20:29 | Krusebel · wall_segment Stone Wall x23 |
| 20:38 | Caronte · first_building Stable |
| 21:23 | Caronte · first_building Siege Workshop |
| 22:16 | Krusebel · age_up castle |
| 22:22 | Krusebel · first_building Castle |
| 22:41 | Caronte · wall_segment Stone Wall x3 |
| 22:43 | Caronte · wall_segment Stone Wall x7 |
| 24:48 | Caronte · first_building Monastery |
| 25:38 | Caronte · first_building Castle |
| 26:02 | Krusebel · first_building Monastery |
| 31:16 | Krusebel · first_building Stable |
| 31:22 | Krusebel · first_building Siege Workshop |
| 33:06 | Caronte · first_building Archery Range |
| 33:15 | Caronte · age_up imperial |
| 33:25 | Caronte · first_market_sell 100 food |
| 35:04 | Krusebel · first_market_sell 100 food |
| 38:26 | Krusebel · age_up imperial |
| 43:36 | Krusebel · wall_segment Stone Wall x5 |
| 52:57 | Krusebel · wall_segment Stone Wall x12 |
| 56:49 | Krusebel · resign |
[ AI ANALYSIS · 1 CREDIT ]
What really happened in this match?
Wolo.gg analyzes every decision: build order, eco, micro, common mistakes by bracket. Personalized analysis on WhatsApp or Discord in 30 seconds.
Civ guide
Berbers
Map guide
Arabia
Perfil
Caronte